 Seeded DCSS version 0.29-a0-100-g60f898f876 (webtiles) character file.

Game seed: 6000200499986173706 (custom seed)

58 innerfire433 the Skirmisher (level 3, 0/29 HPs)
             Began as a Demonspawn Monk on Feb 14, 2022.
             Frozen to death by an endoplasm (5 damage)
             ... on level 1 of the Dungeon.
             The game lasted 00:02:13 (1752 turns).

innerfire433 the Skirmisher (Demonspawn Monk)       Turns: 1752, Time: 00:02:14

Health: 0/29       AC:  2    Str: 13    XL:     3   Next: 75%
Magic:  3/3        EV: 13    Int: 11    God:
Gold:   42         SH:  4    Dex: 15    Spells: 2/2 levels left

rFire   . . .      SeeInvis .   a - +0 mace
rCold   . . .      Faith    .   (no shield)
rNeg    . . .      Spirit   .   b - +0 robe
rPois   .          Reflect  .   (no helmet)
rElec   .          Harm     .   (no cloak)
rCorr   .          Rampage  .   (no gloves)
Will    .....                   (no boots)
Stlth   ++........              (no amulet)
HPRegen 0.09/turn               (no ring)
MPRegen 0.08/turn               (no ring)

@: no status effects
A: large bone plates 1
a: no special abilities


You were on level 1 of the Dungeon.
You visited 1 branch of the dungeon, and saw 3 of its levels.

You collected 42 gold pieces.

Inventory:

Hand Weapons
 a - a +0 mace (weapon)
 e - a +3 hunting sling
Armour
 b - a +0 robe (worn)
Scrolls
 c - 2 scrolls of identify {unknown}
 f - a scroll of brand weapon {unknown}
 g - 2 scrolls of fog {unknown}


   Skills:
 + Level 3.4 Fighting
 + Level 3.1 Maces & Flails
 + Level 3.2 Dodging
 + Level 2.5 Stealth


You had 2 spell levels left.
You didn't know any spells.
Your spell library contained the following spells:

 Spells                   Type           Power      Damage    Failure   Level
 Call Canine Familiar     Summ           0%         N/A       71%         3
 Portal Projectile        Hex/Tloc       0%         N/A       71%         3
 Leda's Liquefaction      Hex/Erth       0%         N/A       98%         4


Dungeon Overview and Level Annotations

Branches:
Dungeon (3/15)

Altars:


Innate Abilities, Weirdness & Mutations

You are partially covered in large bone plates. (SH +4)


Message History

There is a stone staircase leading up here.
The orc hits you with a +0 dagger.
You climb upwards.
There is a stone staircase leading down here.
You are too injured to fight recklessly!
You are too injured to fight recklessly!
You hit the orc.
You kill the orc!
You have reached level 3!
Your experience leads to an increase in your attributes!
Increase (S)trength, (I)ntelligence, or (D)exterity?
You feel stronger. x2
HP restored.
Done exploring.
You climb downwards.
The orc priest hits you with a +0 falchion.
There is a stone staircase leading up, spattered with blood here.
You closely miss the orc priest. You block the orc priest's attack.
You closely miss the orc priest.
The orc priest hits you with a +0 falchion. x2
The endoplasm quivers.
You hit the orc priest.
The orc priest is heavily wounded.
The orc priest invokes the aid of Beogh against you.
Beogh smites you!
* * * LOW HITPOINT WARNING * * *
The endoplasm barely misses you. You block the orc priest's attack.
You climb upwards.
There is a stone staircase leading down here.
You aren't carrying any potions.
You sock the orc priest!
You kill the orc priest!
The endoplasm hits you.
* * * LOW HITPOINT WARNING * * *
You completely miss the endoplasm. You block the endoplasm's attack.
The endoplasm misses you.
You hit the endoplasm but do no damage. The endoplasm freezes you.
You are frozen.
You die...

#.#......#######....#
#.#
#.#.####.######.#.#.###
#.#
#.#.####..............#
#.#
..............#.#.#.#.#
#.#
..######.####.##.(..#.#
#.# ########.#
#.###.....# #.#
.........#
#.###.....#####.#
##########
#.##)J..........#
#.##@)....#######
#.##......#
###.##.....##
#...#......#
#.##......##
#.##8...8.#
#########'''####
#...##...[.....#
#...##.........#


You could see an endoplasm.

Vanquished Creatures
  An orc priest (D:1)
  An adder (D:2)
  An orc (D:1)
  4 endoplasms (D:1)
  A goblin (D:2)
  2 hobgoblins
  A kobold (D:2)
  A quokka (D:1)
  A ball python (D:1)
  3 bats
  A frilled lizard (D:1)
  2 rats (D:1)
19 creatures vanquished.

Notes
Turn   | Place    | Note
-------+----------+-------------------------------------------
     0 | D:1      | innerfire433 the Demonspawn Monk began the quest for the
                  | Orb.
     0 | D:1      | Reached XP level 1. HP: 18/18 MP: 1/1
   426 | D:1      | Gained mutation: You are partially covered in large bone
                  | plates. (SH +4) [demonic ancestry]
   426 | D:1      | Reached XP level 2. HP: 23/24 MP: 2/2
  1540 | D:1      | Reached XP level 3. HP: 10/29 MP: 3/3
  1752 | D:1      | Frozen to death by an endoplasm

Illustrated notes

Levels and vault maps discovered:
D:1:      scummos_arrival_gate, layout_loops_ring, minmay_misc_feat_tower
D:2:      layout_loops_cross, serial_shops, shop_scrolls, serial_park_tiny_1,
          minmay_misc_feat_ornament
D:3:      layout_loops_ring, roderic_lattice_a, uniq_robin

Skill      XL: |  1  2 |
---------------+-------+-----
Stealth        | 2 |  2.5
Maces & Flails | 3 |  3.1
Dodging        | 3 |  3.2
Fighting       | |  3.4

Action                   || total
-------------------------++-------
Melee: Mace              ||    67
  Use: Scroll            ||     1
 Stab: Sleeping          ||     5
Armor: Robe              ||     6
Dodge: Dodged            ||    40
Block: Other             ||    11

Table legend: (Time is in decaauts)
 A = Elapsed time spent in this place.
 B = Non-inter-level travel time spent in this place.
 C = Inter-level travel time spent in this place.
 D = Time resting spent in this place.
 E = Time spent auto-exploring this place.
 F = Levels seen in this place.
 G = Mean time per level.
                   A        B        C        D        E       F      G
               +--------+--------+--------+--------+--------+-----+--------+
         Total |   1771 |   1760 |     11 |      0 |   1506 |   3 |  590.3 |
       Dungeon |   1771 |   1760 |     11 |      0 |   1506 |   3 |  590.3 |
               +--------+--------+--------+--------+--------+-----+--------+

Top non-repeatable levels by time:
     D:1: 1279 daAuts
     D:2: 438 daAuts
     D:3: 53 daAuts
